 Dungeon Crawl Stone Soup version 0.24-b1-30-g840c9efd86 (webtiles) character file.

Game seed: 11350349471667039785, levelgen mode: deterministic

72615 Mesmaeker13 the Markscentaur (level 15, -4/111 HPs)
             Began as a Centaur Hunter on Oct 23, 2019.
             Was the Champion of Hepliaklqana.
             Slain by a +6 long sword (17 damage)
             ... on level 14 of the Dungeon on Oct 24, 2019.
             The game lasted 01:09:42 (34640 turns).

Mesmaeker13 the Markscentaur (Centaur Hunter)      Turns: 34640, Time: 01:09:42

Health: -4/111     AC: 22    Str: 17    XL:     15   Next: 1%
Magic:  17/17      EV:  7    Int: 15    God:    Hepliaklqana [******]
Gold:   1553       SH:  4    Dex: 10    Spells: 12/14 levels left

rFire    + . .     SeeInvis .   t - +7 quarterstaff "Athriekh" {elec, rPois MR+ Int+5 Dex-4}
rCold    + + .     Gourm    .   (shield currently unavailable)
rNeg     . . .     Faith    .   e - +3 gold dragon scales
rPois    +         Spirit   .   N - +1 hat
rElec    .         Reflect  +   (no cloak)
rCorr    .         Harm     .   w - +2 pair of gloves
MR       ++...                  (no barding)
Stlth    ..........             s - +4 amulet of reflection
HPRegen  0.28/turn              R - ring of protection from cold
MPRegen  0.15/turn              Q - +5 ring of evasion

@: very quick
A: large, reduced essence, hooves 3, deformed body, speed 2, frail 1, low mp 1,
sense surroundings 1, tough skin 3
a: Recall Ancestor, Ancestor Identity, Transference, Idealise, Renounce Religion


You were on level 14 of the Dungeon.
You worshipped Hepliaklqana.
Hepliaklqana was exalted by your worship.
You were not hungry.

You visited 3 branches of the dungeon, and saw 21 of its levels.
You also visited: Ossuary and Ice Cave.

You collected 1924 gold pieces.
You spent 371 gold pieces at shops.

Inventory:

Hand Weapons
 a - a +3 shortbow
 t - the +7 quarterstaff "Athriekh" (weapon) {elec, rPois MR+ Int+5 Dex-4}
   (You took it off an orc on level 5 of the Dungeon)

   Occasionally, upon striking a foe, it will discharge some electrical energy
   and cause terrible harm.
   It affects your intelligence (+5).
   It affects your dexterity (-4).
   It protects you from poison.
   It affects your resistance to hostile enchantments.
 G - the +3 whip of Jenih {drain, rPois Int+4 SInv}
   (You took it off a kobold on level 9 of the Dungeon)

   A truly terrible weapon, it drains the life of those it strikes.
   It affects your intelligence (+4).
   It protects you from poison.
   It lets you see invisible.
 J - a +5 triple sword of draining
Missiles
 d - 81 arrows
 r - 5 datura-tipped darts (quivered)
Armour
 e - +3 gold dragon scales (worn)
 o - the +1 scale mail "Ydghips" {rElec rC+ Slay+4}
   (You found it on level 11 of the Dungeon)

   It affects your accuracy and damage with ranged weapons and melee attacks
   (+4).
   It protects you from cold.
   It insulates you from electricity.
 w - a +2 pair of gloves (worn)
 N - a +1 hat (worn)
Jewellery
 s - a +4 amulet of reflection (around neck)
 Q - a +5 ring of evasion (right hand)
 R - a ring of protection from cold (left hand)
Wands
 y - a wand of digging (3)
 F - a wand of acid (8)
 I - a wand of iceblast (11)
Scrolls
 c - a scroll of summoning {unknown}
 g - 2 scrolls of noise
 h - 2 scrolls of magic mapping
 i - a scroll of blinking {unknown}
 j - a scroll of torment {unknown}
 k - 12 scrolls of teleportation
 q - 6 scrolls of remove curse
 u - 3 scrolls of fear
 A - 2 scrolls of fog
 C - a scroll of acquirement {unknown}
 K - 3 scrolls of vulnerability {unknown}
 M - a scroll of brand weapon {unknown}
 O - 2 scrolls of immolation
 P - a scroll of silence {unknown}
Potions
 b - a potion of mutation
 l - 5 potions of flight
 n - a potion of heal wounds
 z - 4 potions of cancellation
 B - 3 potions of lignification {unknown}
 E - a potion of haste
 L - 4 potions of curing
 S - 3 potions of ambrosia {unknown}
 U - a potion of agility {unknown}
 W - a potion of brilliance
Miscellaneous
 p - a lamp of fire (inert)
Comestibles
 f - 14 rations
 m - 2 chunks of flesh


   Skills:
 + Level 14.8 Fighting
 + Level 6.1 Long Blades
   Level 4.5 Axes
 - Level 15.0 Bows
 + Level 10.6 Armour
 - Level 5.2 Dodging
 - Level 0.4 Stealth
 - Level 4.1 Summonings
 + Level 4.0 Invocations
 - Level 5.6 Evocations


You had 12 spell levels left.
You knew the following spells:

 Your Spells              Type           Power        Failure   Level  Hunger
a - Call Imp              Summ           ##......     100%        2    ###....

Your spell library contained the following spells:

 Spells                   Type           Power        Failure   Level  Hunger
 Freeze                   Ice            #...         100%        1    ##.....
 Infusion                 Chrm           #...         100%        1    ##.....
 Magic Dart               Conj           #...         100%        1    ##.....
 Shock                    Conj/Air       #...         100%        1    ##.....
 Summon Small Mammal      Summ           ##..         100%        1    ##.....
 Searing Ray              Conj           #.....       100%        2    ###....
 Shroud of Golubria       Chrm/Tloc      #.....       100%        2    ###....
 Song of Slaying          Chrm           #.......     100%        2    ###....
 Swiftness                Chrm/Air       #.......     100%        2    ###....
 Throw Frost              Conj/Ice       #.....       100%        2    ###....
 Call Canine Familiar     Summ           ##......     100%        3    ####...
 Dazzling Spray           Conj/Hex       #.....       100%        3    ####...
 Ozocubu's Armour         Chrm/Ice       #.......     100%        3    ####...
 Regeneration             Chrm/Necr      #.........   100%        3    ####...
 Spectral Weapon          Hex/Chrm       #.......     100%        3    ####...
 Static Discharge         Conj/Air       #.......     100%        3    ####...
 Summon Guardian Golem    Hex/Summ       #.......     100%        3    ####...
 Airstrike                Air            #.........   100%        4    #####..
 Force Lance              Conj/Tloc      #.......     100%        4    #####..
 Fulminant Prism          Conj/Hex       #.........   100%        4    #####..
 Ice Form                 Ice/Tmut       #.......     100%        4    #####..
 Iskenderun's Mystic Bla  Conj           #.......     100%        4    #####..
 Summon Ice Beast         Ice/Summ       #.......     100%        4    #####..
 Summon Lightning Spire   Summ/Air       #.......     100%        4    #####..
 Throw Icicle             Conj/Ice       #.......     100%        4    #####..
 Lightning Bolt           Conj/Air       #.........   100%        5    ######.
 Metabolic Englaciation   Hex/Ice        #.........   100%        5    ######.
 Bolt of Cold             Conj/Ice       #.........   100%        6    #######
 Freezing Cloud           Conj/Ice/Air   #.........   100%        6    #######
 Ozocubu's Refrigeration  Ice            #.........   100%        6    #######
 Simulacrum               Ice/Necr       #.........   100%        6    #######


Dungeon Overview and Level Annotations

Branches:
Dungeon (14/15)            Temple (1/1) D:6            Lair (6/6) D:8
 Shoals (0/4) Lair:2        Snake (0/4) Lair:2        Slime (0/5) Lair:6
    Orc (0/2) D:9         Ossuary (visited)           IceCv (visited)
 Vaults: D:13-14

Altars:
Ashenzari
Cheibriados
Dithmenos
Elyvilon
Fedhas
Gozag
Hepliaklqana
Kikubaaqudgha
Makhleb
Nemelex Xobeh
Okawaru
Qazlal
Ru
Sif Muna
Trog
Uskayaw
Vehumet
Wu Jian
Xom
Yredelemnul
Zin
The Shining One
Jiyva
Lugonu

Shops:
D:5 [   D:8 =

Portals:
Hell: Lair:6

Annotations:
Lair:1 2 transporters, Olid's ghost, journeyman DrCj
Lair:2 exclusion: 2 oklob plants
Lair:5 2 transporters, Kaofid's ghost, journeyman GrEE
Lair:6 1 exclusion


Innate Abilities, Weirdness & Mutations

You have hooves in place of feet.
Armour fits poorly on your strangely shaped body.
You cover ground very quickly.
You have extremely tough skin. (AC +3)
Your life essence is reduced to manifest your ancestor. (-10% HP)
You are frail. (-10% HP)
Your magical capacity is low. (-10% MP)
You passively map a small area around you.


Message History

The +4 long sword hits you but does no damage.
The wyvern bites you.
* * * LOW HITPOINT WARNING * * *
Tochtli blocks the +6 long sword's attack.
You hit the centaur. Lightning courses through the centaur!
You kill the centaur!
The +4 long sword hits you.
* * * LOW HITPOINT WARNING * * *
The wyvern bites you.
* * * LOW HITPOINT WARNING * * *
Tochtli hits the +6 long sword with a +0 broad axe of flaming!
Tochtli completely misses the +4 long sword.
The +6 long sword hits Tochtli!
The wyvern bites you!
* * * LOW HITPOINT WARNING * * *
The +4 long sword barely misses you.
Your gold dragon scales prevents you from hitting the +6 long sword.
Your kick misses the +6 long sword.
The +6 long sword is almost destroyed.
The +6 long sword hits you!
You die...

, , #......### #.
, *
#......'.#######R
, *
#......#....<....
* *
#......#########.
+* #......# ##
####'### # , .##
* #.(.# #
.....####(##### ,
, ......)@(R....#
,
.......l()......#
*
#....#........#.#
, .... #........#
, #.. ,.........#
, *..,
.#........#, .
..#(.......# ,
,,..,.........# ,
,


You could see the friendly Tochtli the knight, a wyvern and 2 dancing weapons.

Vanquished Creatures
  Gastronok (Lair:1)
  Kirke (D:12)
  5 hydras
  A two-headed ogre (D:13)
  A centaur warrior (D:10)
  A catoblepas (Lair:4)
  The ghost of Vexag the Chopper, a novice HOMo (D:11)
  A sun demon (Lair:6)
  3 unseen horrors
  Pikel (D:7)
  2 ugly things
  2 deep elf magi
  A manticore (D:13)
  5 slime creatures (D:12)
  3 cyclopes
  2 black mambas
  A merfolk siren (Lair:2)
  An ice statue (IceCv)
  10 elephants (Lair:6)
  A torpor snail (Lair:4)
  12 spiny frogs
  A gargoyle (D:11)
  2 orange demons (Lair:6)
  3 komodo dragons
  6 kobold demonologists
  4 rime drakes
  2 red devils (Lair:6)
  A hellwing (Lair:6)
  An ice devil (Lair:6)
  3 trolls
  16 polar bears (IceCv)
  Prince Ribbit (D:8)
  A hornet (D:10)
  6 blink frogs
  4 dream sheep (Lair:4)
  5 hippogriffs
  A shadow (D:11)
  A vampire (D:13)
  Grum (D:10)
  8 wyverns
  48 yaks
  6 vampire mosquitoes
  A hungry ghost (D:8)
  A steam dragon (D:11)
  A soldier ant (D:10)
  3 wargs (D:8)
  Menkaure (D:6)
  4 hell hounds (Lair:6)
  Duvessa (D:5)
  19 water moccasins
  7 porcupines
  A hornet zombie (D:5)
  5 orc warriors
  A phantom (D:8)
  5 sky beasts
  A slave (D:7)
  An eye of draining (D:12)
  2 ice beasts
  A black bear (D:11)
  5 ogres
  6 necrophages
  20 wolves
  8 centaurs
  17 crocodiles
  12 big kobolds
  10 bullfrogs
  2 gnoll sergeants
  Dowan (D:5)
  2 wyvern skeletons
  2 scorpions
  16 killer bees
  6 wights
  2 electric eels (Lair:3)
  3 howler monkeys
  8 crimson imps
  2 quasits
  A centaur zombie (D:7)
  4 hounds
  2 bullfrog skeletons
  4 jellies
  2 bullfrog zombies
  2 human zombies (Ossuary)
  12 orc priests
  2 centaur skeletons
  9 orc wizards
  Jessica (D:9)
  An iguana (D:4)
  12 worker ants
  A killer bee zombie (D:8)
  A hound zombie (D:8)
  A hound skeleton (D:3)
  4 mummies
  A worker ant zombie (D:8)
  11 gnolls
  22 adders
  A shadow imp (D:7)
  12 white imps (Lair:3)
  5 oozes
  3 adder zombies
  A worm (D:2)
  3 dart slugs
  5 leopard geckos
  45 orcs
  7 bats
  7 giant cockroaches
  10 goblins
  4 hobgoblins
  16 jackals
  7 quokkas
  3 ball pythons
  5 frilled lizards
  A giant cockroach zombie (D:5)
  A goblin zombie (Ossuary)
  2 hobgoblin zombies (Ossuary)
  31 kobolds
  3 kobold zombies (Ossuary)
  An orc zombie (Ossuary)
  4 quokka zombies
  6 rats
  4 rat zombies (Ossuary)
  A bush (D:8)
  A fungus (Lair:3)
636 creatures vanquished.

Vanquished Creatures (collateral kills)
  Rupert (Lair:5)
  A frost giant (IceCv)
  2 hydras
  A death yak (Lair:4)
  A centaur warrior (D:14)
  A two-headed ogre (D:12)
  Nergalle (Lair:3)
  A wizard (Lair:6)
  2 black mambas (Lair:5)
  A torpor snail (Lair:6)
  An ice devil (Lair:6)
  A dream sheep (Lair:4)
  A slime creature (D:12)
  6 yaks
  3 water moccasins
  An ice beast (D:13)
  2 orc warriors
  A wolf (Lair:6)
  A crocodile (Lair:6)
  2 bullfrogs
  A killer bee (D:8)
  A wight (D:13)
  An orc wizard (D:13)
  2 gnolls (D:13)
  2 orcs (D:13)
38 creatures vanquished.

Vanquished Creatures (others)
  A centaur skeleton (D:12)
  A polar bear (IceCv)
  5 humans (D:12)
  2 yaks
  A slave (D:7)
  5 wolves (IceCv)
  4 knights
  A crimson imp (D:12)
  An orc wizard (D:12)
  2 shadow imps
  3 orcs (D:7)
  A kobold (D:7)
  29 fungi
  16 plants
72 creatures vanquished.

Grand Total: 746 creatures vanquished

Notes
Turn   | Place    | Note
-------+----------+-------------------------------------------
     0 | D:1      | Mesmaeker13 the Centaur Hunter began the quest for the Orb.
     0 | D:1      | Reached XP level 1. HP: 17/17 MP: 1/1
   421 | D:1      | Reached XP level 2. HP: 24/24 MP: 2/2
   667 | D:1      | You fall into a shaft and drop 1 floor!
   700 | D:2      | Found an ornate altar of the Wu Jian Council.
   712 | D:2      | Reached XP level 3. HP: 30/30 MP: 3/3
   921 | D:2      | Reached skill level 6 in Bows
   921 | D:2      | Reached XP level 4. HP: 34/38 MP: 4/4
  2392 | D:3      | Reached XP level 5. HP: 43/45 MP: 5/5
  2941 | D:3      | Found a shadowy altar of Dithmenos.
  3495 | D:4      | You fall into a shaft and drop 2 floors!
  3507 | D:6      | Reached skill level 7 in Bows
  3507 | D:6      | Reached XP level 6. HP: 27/52 MP: 2/6
  3624 | D:6      | Found a basalt altar of Yredelemnul.
  3642 | D:6      | Found a sand-covered staircase.
  3825 | Ossuary  | Entered an ossuary
  4853 | D:5      | Entered Level 5 of the Dungeon
  4873 | D:5      | Reached XP level 7. HP: 31/60 MP: 4/7
  5104 | D:5      | Reached skill level 8 in Bows
  5207 | D:5      | Reached skill level 5 in Fighting
  5420 | D:4      | Found a hide-covered altar of Uskayaw.
  5797 | D:5      | Found Osomm's Antique Armour Shoppe.
  5797 | D:5      | Noticed Dowan
  5799 | D:5      | Noticed Duvessa
  5827 | D:5      | Killed Duvessa
  5831 | D:5      | Killed Dowan
  5945 | D:5      | Bought a shiny chain mail for 232 gold pieces
  6091 | D:5      | Reached XP level 8. HP: 65/69 MP: 5/8
  6115 | D:5      | Identified the +7 quarterstaff "Athriekh" {elec, rPois MR+
                  | Int+5 Dex-4}
  6379 | D:5      | Reached skill level 9 in Bows
  6463 | D:5      | Found a shimmering altar of Xom.
  6463 | D:5      | Found a glowing silver altar of Zin.
  6464 | D:5      | Noticed an angel
  6788 | D:6      | Noticed Menkaure
  6811 | D:6      | Killed Menkaure
  7215 | D:6      | Found a burning altar of Makhleb.
  7309 | D:6      | Reached skill level 5 in Dodging
  7321 | D:6      | Reached skill level 10 in Bows
  7631 | D:6      | Found a staircase to the Ecumenical Temple.
  7728 | D:6      | Found an ancient bone altar of Kikubaaqudgha.
  7728 | D:6      | Found a snail-covered altar of Cheibriados.
  7729 | D:6      | Found a shadowy altar of Dithmenos.
  7730 | D:6      | Found an iron altar of Okawaru.
  7905 | Temple   | Entered the Ecumenical Temple
  7919 | Temple   | Became a worshipper of Hepliaklqana the Forgotten
  8134 | D:7      | Reached XP level 9. HP: 39/71 MP: 4/9
  8200 | D:7      | Reached skill level 1 in Armour
  8528 | D:7      | Noticed Pikel
  8620 | D:7      | Killed Pikel
  8620 | D:7      | Reached skill level 11 in Bows
  9855 | D:8      | Reached * piety under Hepliaklqana
  9935 | D:8      | Found a staircase to the Lair.
  9959 | D:8      | Reached XP level 10. HP: 69/81 MP: 8/10
 10019 | D:8      | Reached skill level 12 in Bows
 10242 | D:8      | Noticed Prince Ribbit
 10273 | D:8      | Killed Prince Ribbit
 10406 | D:8      | Found Kofeoru's Jewellery Boutique.
 10682 | D:8      | Found a blossoming altar of Fedhas.
 10818 | D:9      | Identified the +3 whip of Jenih {drain, rPois Int+4 SInv}
 10904 | D:9      | Found a staircase to the Orcish Mines.
 11489 | D:9      | Noticed Jessica
 11494 | D:9      | Killed Jessica
 11502 | D:9      | Found a shimmering blue altar of Sif Muna.
 11641 | D:9      | Found a white marble altar of Elyvilon.
 11650 | D:10     | Entered Level 10 of the Dungeon
 11771 | D:10     | Noticed a centaur warrior
 11775 | D:10     | Killed a centaur warrior
 11775 | D:10     | Reached skill level 13 in Bows
 11775 | D:10     | Reached skill level 5 in Armour
 11904 | D:10     | Reached ** piety under Hepliaklqana
 11939 | D:10     | Noticed Grum
 11948 | D:10     | Killed Grum
 11955 | D:10     | Reached skill level 10 in Fighting
 12562 | D:10     | Reached XP level 11. HP: 72/88 MP: 11/11
 12614 | D:10     | Paralysed by a hornet for 2 turns
 13551 | D:10     | Noticed an unseen horror
 13591 | D:10     | Killed an unseen horror
 14407 | D:11     | Reached skill level 14 in Bows
 14482 | D:11     | Got a transparent scale mail
 14485 | D:11     | Found a runed translucent gate.
 14500 | D:11     | Identified the cursed +1 scale mail "Ydghips" {rElec rC+
                  | Slay+4} (You found it on level 11 of the Dungeon)
 14503 | D:11     | Found a runed translucent gate.
 14503 | D:11     | Found a runed translucent gate.
 14516 | D:11     | Noticed Vexag's ghost (novice HOMo)
 15122 | D:11     | Gained mutation: Scrolls take you a little longer to read.
                  | [potion of mutation]
 15122 | D:11     | Gained mutation: You are frail. (-10% HP) [potion of
                  | mutation]
 15122 | D:11     | Gained mutation: You have an increased reservoir of magic.
                  | (+10% MP) [potion of mutation]
 15192 | D:11     | Lost mutation: Scrolls take you a little longer to read.
                  | [potion of mutation]
 15192 | D:11     | Lost mutation: You are frail. (-10% HP) [potion of
                  | mutation]
 15192 | D:11     | Lost mutation: You have an increased reservoir of magic.
                  | (+10% MP) [potion of mutation]
 15192 | D:11     | Gained mutation: Your magical capacity is low. (-10% MP)
                  | [potion of mutation]
 15192 | D:11     | Gained mutation: You passively map a small area around you.
                  | [potion of mutation]
 15434 | D:11     | Gained mutation: You are frail. (-10% HP) [a neqoxec]
 15441 | D:11     | Noticed a soul eater
 15633 | Lair:1   | Entered Level 1 of the Lair of Beasts
 15671 | Lair:1   | Reached *** piety under Hepliaklqana
 15700 | Lair:1   | Noticed Gastronok
 15761 | Lair:1   | Killed Gastronok
 16095 | Lair:1   | Reached XP level 12. HP: 88/88 MP: 10/10
 16136 | Lair:1   | Got a pair of crude gloves
 16147 | Lair:1   | Identified the +0 pair of gloves of Uxta Xiss {Str+3 Dex-3
                  | Stlth+} (You found it on level 1 of the Lair of Beasts)
 16183 | Lair:1   | Reached skill level 15 in Bows
 16501 | Lair:1   | Found a transporter.
 16509 | Lair:1   | Noticed a death yak
 16510 | Lair:1   | Noticed Olid's ghost (journeyman DrCj)
 16517 | Lair:1   | Found a transporter.
 16655 | Lair:1   | Reached skill level 1 in Evocations
 17083 | D:5      | Bought a shield for 139 gold pieces
 17233 | Lair:2   | Found a staircase to the Shoals.
 17280 | Lair:2   | Reached skill level 1 in Axes
 17380 | Lair:2   | Reached **** piety under Hepliaklqana
 17524 | Lair:2   | Found a staircase to the Snake Pit.
 18503 | Lair:3   | Found a frozen archway.
 18543 | IceCv    | Entered an ice cave
 20271 | IceCv    | Remembered your ancestor Tochtli as a knight
 21225 | IceCv    | Noticed a frost giant
 21248 | IceCv    | HP: 4/90 [frost giant/+1 battleaxe of freezing (14)]
 21248 | IceCv    | Killed a frost giant
 21248 | IceCv    | Reached XP level 13. HP: 3/95 MP: 0/14
 21861 | IceCv    | Found the +8 demon trident "Rift" {distort, reach+}
 21995 | Lair:3   | Learned a level 2 spell: Call Imp
 22510 | Lair:3   | Reached skill level 5 in Evocations
 22947 | Lair:3   | Noticed Nergalle
 23005 | Lair:3   | Killed Nergalle
 24066 | Lair:4   | Reached ***** piety under Hepliaklqana
 24179 | Lair:4   | Reached skill level 1 in Summonings
 25434 | Lair:5   | Found a transporter.
 25436 | Lair:5   | Noticed Kaofid's ghost (journeyman GrEE)
 25614 | Lair:5   | Found a transporter.
 26371 | Lair:5   | Noticed Rupert
 26401 | Lair:5   | Killed Rupert
 26867 | Lair:6   | Entered Level 6 of the Lair of Beasts
 27183 | Lair:6   | Reached skill level 1 in Long Blades
 27907 | Lair:6   | Reached XP level 14. HP: 90/104 MP: 14/16
 28522 | Lair:6   | Found a staircase to the Slime Pits.
 28522 | Lair:6   | Found a viscous altar of Jiyva.
 30073 | Lair:6   | Reached skill level 10 in Armour
 30200 | Lair:6   | Found a burning altar of Makhleb.
 30277 | Lair:6   | Found a gateway to Hell.
 30285 | Lair:6   | Got a fine golden ring
 30474 | Lair:1   | Identified the cursed ring "Bonoll" {MR- Str-5 Int+5
                  | Stlth+} (You found it on level 6 of the Lair of Beasts)
 30676 | D:11     | Killed Vexag's ghost
 30907 | D:12     | Noticed Kirke
 30911 | D:12     | Noticed a sphinx
 30931 | D:12     | Killed Kirke
 30931 | D:12     | Reached skill level 5 in Long Blades
 30931 | D:12     | Reached skill level 1 in Invocations
 34227 | D:13     | Reached ****** piety under Hepliaklqana
 34629 | D:14     | Reached XP level 15. HP: 93/111 MP: 17/17
 34640 | D:14     | Slain by a +6 long sword

Skill      XL: |  1  2  3  4  5  6  7  8  9 10 11 12 13 14 |
---------------+-------------------------------------------+-----
Dodging        | 2 3 4 5 |  5.2
Fighting       | 3 4 5 7 8 10 11 12 13 14 | 14.8
Bows           | 6 7 8 10 11 13 14 15 | 15.0
Armour         | 3 5 7 8 9 10 | 10.6
Evocations     | 4 5 |  5.6
Axes           | 4 |  4.5
Summonings     | 4 |  4.1
Long Blades    | 2 6 |  6.1
Invocations    | 4 |  4.0
Stealth        | |  0.4

Action                   |  1- 3 |  4- 6 |  7- 9 | 10-12 | 13-15 || total
-------------------------+-------+-------+-------+-------+-------++-------
Melee: Short sword       |     9 |   155 |    96 |       |       ||   260
       Kick              |     4 |    36 |    35 |    94 |   193 ||   362
       Quarterstaff      |       |       |   102 |   417 |   652 ||  1171
       Whip              |       |       |       |    41 |    11 ||    52
       Triple sword      |       |       |       |       |     8 ||     8
 Fire: Shortbow          |    81 |   129 |   196 |   712 |   287 ||  1405
Throw: Dart              |       |       |       |       |     6 ||     6
       Throwing net      |       |       |       |       |     1 ||     1
Invok: Recall Ancestor   |       |       |       |     3 |    13 ||    16
       Ancestor Life: Kn |       |       |       |     1 |       ||     1
Evoke: Wand              |       |       |       |     1 |    28 ||    29
       Lamp of fire      |       |       |       |       |     3 ||     3
  Use: Scroll            |     1 |     6 |     4 |     8 |    12 ||    31
       Potion            |       |     5 |     1 |    14 |     3 ||    23
 Stab: Invisible         |       |     1 |       |       |       ||     1
       Distracted        |       |       |       |     1 |     5 ||     6
  Eat: Chunk             |       |     7 |    14 |    13 |    12 ||    46
       Ration            |       |     1 |       |     5 |     8 ||    14
Armor: Leather armour    |    20 |       |       |       |       ||    20
       Ring mail         |     8 |    66 |    17 |       |       ||    91
       Chain mail        |       |       |   131 |    33 |       ||   164
       Gold dragon scale |       |       |       |   559 |   769 ||  1328
       Scale mail        |       |       |       |    50 |       ||    50
Dodge: Dodged            |    31 |    94 |    70 |    86 |   141 ||   422
Block: Other             |       |       |       |       |    91 ||    91
       Reflection        |       |       |       |       |     4 ||     4
